 Dungeon Sprint DCSS version 0.03.2.1-77-g250ca0d8c0 (webtiles) character file.

Game seed: 10017604197001546803, levelgen mode: deterministic

38637 esc the Acrobat (level 13, 0/7 HPs) Fairy Ice Elementalist. Began on Feb 16, 2021. Was the Champion of Vehumet. Slain by a golden dragon (1 damage) ... in the Dungeon (Sprint IX: "|||||||||||||||||||||||||||||"). The game lasted 00:19:01 (1976 turns).

esc the Acrobat (Fairy Ice Elementalist)            Turns: 1976, Time: 00:19:02

Health: 0/7        AC:  0    Str:  2    XL:     13 ^: 9268
Magic:  1/7        EV: 49    Int: 28    God:    Vehumet [6* [200]]
Gold:   410        SH:  0    Dex: 18    Spells: 34/54 levels left

rFire    . . .     Vision   .   n - ring of intelligence
rCold    . . .     Gourm    .
rNeg     . . .     Faith    .
rPois    .         Spirit   .
rElec    .         Reflect  .
rCorr    .         Harm     .
MR       ++...     NoTele   +
Stlth    +.........
HPRegen  0.12/turn
MPRegen  0.17/turn

@: lethally poisoned (0 -> -1), glowing, slow
A: tiny, no armour or weapons, only one jewelry slot, no melee attacks, fairy
magic, fairy shield, fairy light, decreased potion and divine healing, slowness
1, able to fly, insubstantial
a: Fly, Renounce Religion


You were in the Dungeon.
You worshipped Vehumet.
Vehumet was exalted by your worship.
You were not hungry.

You visited 1 branch You collected 1900 gold pieces.
You spent 1490 gold pieces at shops.

Inventory:

Jewellery
 m - an uncursed ring of strength
 n - a ring of intelligence (around core)
 p - a cursed ring of slaying {(Curse: MR-)}
 u - an uncursed ring of protection
 v - a cursed ring of magical power {(Curse: rF-)}
 w - an uncursed amulet of chaos
 x - an uncursed ring of intelligence
 A - an uncursed ring of fire
 B - an uncursed ring of protection from magic
 C - an uncursed ring of evasion
 D - an uncursed ring of protection from magic
Wands
 a - a wand of ensnaring (3)
 k - a wand of acid (10)
 o - a wand of enslavement (8)
 t - a wand of random effects (3)
 y - a wand of clouds (2)
Scrolls
 h - a scroll of blinking
 i - 4 scrolls of bless item
 j - 2 scrolls of amnesia
 q - a scroll of fog
 r - 5 scrolls of fear
 G - 2 scrolls of enchantment
Potions
 c - 7 potions of curing
 d - 6 potions of heal wounds
 e - a potion of haste
 f - 4 potions of magic
 g - 2 potions of berserk rage
 s - 3 potions of mutation
 z - a potion of agility
 E - a potion of brilliance
 F - a potion of might
Miscellaneous
 l - a crystal ball of energy
Comestibles
 b - 11 rations
 H - 11 chunks of flesh


   Skills:
 + Level 24.4 Dodging
 - Level 1.4 Stealth
 + Level 21.3 Spellcasting
 - Level 1.0 Summonings
 + Level 20.0 Ice Magic
 - Level 9.3 Evocations


You had 34 spell levels left.
You knew the following spells:

 Your Spells              Type           Power        Failure   Level  Hunger
a - Freeze                Ice            25 (25)      0%          1    None
b - Hailstorm             Ice            97 (100)     0%          4    None
c - Ozocubu's Armour      Chrm/Ice       72 (100)     1%          3    None
d - Summon Ice Beast      Ice/Summ       73 (100)     1%          4    None
e - Throw Icicle          Ice            97 (100)     0%          4    None
f - Bolt of Cold          Ice            97 (200)     1%          6    None
g - Blink                 Tloc           N/A          1%          2    None

Your spell library contained the following spells:

 Spells                   Type           Power        Failure   Level  Hunger
 Throw Frost              Ice            50 (50)      0%          2    None
 Flame Tongue             Fire           29 (30)      1%          1    None
 Sandblast                Erth           29 (50)      1%          1    None
 Shock                    Air            25 (25)      1%          1    None
 Call Imp                 Summ           35 (100)     1%          2    None
 Ensorcelled Hibernation  Hex/Ice        50 (50)      1%          2    None
 Slow                     Hex            29 (100)     1%          2    None
 Static Discharge         Air            29 (100)     1%          3    None
 Stone Arrow              Erth           29 (50)      1%          3    None
 Conjure Flame            Fire           29 (100)     3%          3    None
 Mephitic Cloud           Pois/Air       29 (100)     3%          3    None
 Bolt of Magma            Fire/Erth      29 (200)     10%         5    None
 Lee's Rapid Deconstruct  Erth           29 (200)     10%         5    None
 Silence                  Hex/Air        29 (200)     34%         5    None
 Eringya's Noxious Bog    Tmut/Pois      29 (200)     43%         6    None
 Poison Arrow             Pois           29 (200)     43%         6    None
 Shadow Creatures         Summ           N/A          77%         6    None
 Borgnjor's Vile Clutch   Necr/Erth      29 (200)     88%         6    None
 Infestation              Tmut/Pois      29 (200)     100%        7    ###....
 Darkness                 Hex            Unusable     N/A         6    N/A

Dungeon Overview and Level Annotations

Branches:
Dungeon (1/1)

Altars:
Cheibriados
Dithmenos
Elyvilon
Fedhas Madash
Gozag Ym Sagoz
Hepliaklqana
Kikubaaqudgha
Makhleb
Nemelex Xobeh
Okawaru
Qazlal
Ru
Sif Muna
Trog
Uskayaw
Vehumet
Wu Jian
Xom
Yredelemnul
Zin
The Shining One
Beogh
Jiyva
Lugonu

Shops:
D :*([


Innate Abilities, Weirdness & Mutations

You are too small to use any gear.
You can wear a single ring or amulet completely around your body.
You are incapable of melee of any kind.
Your magic reserves are extremely low but spells that normally cost one mana are free and all other spells cost one mana.
You are extremely frail but all attacks that strike you do exactly one damage.
You exude a bright light in a small radius around yourself.
The effect of potions and godly healing effects is reduced to match your tiny health and magic reserves.
You cover ground slowly.
You can fly continuously.
Your insubstantial form boosts your evasion and grants immunity to sticky flames, nets and constriction.


Message History

The bolt of cold hits the golden dragon (14)!
The golden dragon resists.
The golden dragon is almost dead. (13/97) HP The bolt of cold hits the ice dragon (7)!
The ice dragon resists.
The ice dragon is heavily wounded. (15/31) HP The bolt of cold hits the ice dragon (8)!
The ice dragon resists.
The ice dragon is moderately wounded. (67/91) HP You are engulfed in poison gas (3).
You are poisoned.
* * * LOW HITPOINT WARNING * * *
You feel sick. (1)
The ice dragon is engulfed in freezing vapours (2). x2
The golden dragon is engulfed in freezing vapours (2).
The golden dragon completely misses you (0).
The golden dragon claws you (19)!!
* * * LOW HITPOINT WARNING * * *
The golden dragon tramples you (12)!
You die...

.▓.▓.▓.▓.▓.▓.▓.▓.▓
'▓.▓.▓.▓.▓.▓.▓.▓☼▓
.▓.▓.▓.▓.▓.▓.▓.▓○▓
.▓.▓.▓.▓'▓.▓.▓.▓☼▓
.▓.▓.▓.▓.▓.▓.▓.▓○▓
.▓.▓.▓.▓.▓.▓.▓.▓○▓
.▓.▓)▓.▓.▓.▓.▓.▓○▓
.▓.▓)▓.▓.▓.▓.▓.▓☼▓
÷▓.▓)▓.▓.▓.▓.▓.▓@▓
)▓.▓)▓.▓)▓.▓†▓)▓D▓
.▓.▓.▓.▓)▓.▓†▓.▓D▓
†▓.▓.▓.▓)▓.▓†▓.▓D▓
.▓.▓.▓.▓)▓.▓.▓.▓R▓
.▓.▓.▓.▓)▓.▓.▓.▓R▓
÷▓.▓.▓.▓)▓.▓†▓.▓R▓
÷▓.▓[▓.▓)▓.▓.▓.▓.▓
÷▓.▓.▓.▓)▓.▓.▓.▓.▓


You could see a golden dragon, 2 ice dragons and 3 rakshasas.

Vanquished Creatures
  2 nagarajas (D)
  A fire giant (D)
  A ghost moth (D)
  Erolcha (D)
  A great orb of eyes (D)
  An ogre mage (D)
  A rakshasa (D)
  A very ugly thing (D)
  2 ettins (D)
  3 catoblepae (D)
  A stone giant (D)
  Nergalle (D)
  An anaconda (D)
  2 tengu warriors (D)
  A shock serpent (D)
  2 shambling mangroves (D)
  A harpy (D)
  4 orc knights (D)
  2 hydras (D)
  3 centaur warriors (D)
  A deep elf mage (D)
  A spriggan (D)
  A merfolk siren (D)
  2 death yaks (D)
  7 orc sorcerers (D)
  2 salamanders (D)
  A black mamba (D)
  3 spiny frogs (D)
  2 wolf spiders (D)
  2 yaktaurs (D)
  2 snapping turtles (D)
  A tyrant leech (D)
  A tengu conjurer (D)
  A komodo dragon (shapeshifter) (D)
  A jumping spider (D)
  A wind drake (D)
  A blink frog (D)
  2 demonic crawlers (D)
  7 hornets (D)
  2 merfolk (D)
  A hippogriff (D)
  A yak (D)
  A wyvern (D)
  2 nagas (D)
  2 tarantellas (D)
  12 orc warriors (D)
  3 porcupines (D)
  5 water moccasins (D)
  A scorpion (D)
  A black bear (D)
  A swamp drake (D)
  2 ogres (D)
  2 crocodiles (D)
  2 bullfrogs (D)
  5 orc priests (D)
  2 hounds (D)
  7 orc wizards (D)
  An iguana (D)
  2 adders (D)
  A gnoll (D)
  A cinder newt (D)
  A leopard gecko (D)
  3 orcs (D)
  A quokka (D)
  A quokka skeleton (D)
  3 rats (D)
137 creatures vanquished.

Vanquished Creatures (collateral kills)
  An ice dragon (D)
  A very ugly thing (D)
  A sphinx moth (D)
  2 hydras (D)
  A death yak (D)
  Joseph (D)
  A merfolk (D)
  A yak (D)
  A porcupine (D)
  An orc wizard (D)
  A quokka simulacrum (D)
12 creatures vanquished.

Vanquished Creatures (others)
  A spiny frog (D)
1 creature vanquished.

Grand Total: 150 creatures vanquished

Notes
Turn   | Place    | Note
-------+----------+-------------------------------------------
     0 | D        | esc the Fairy Ice Elementalist began the quest for the Orb.
     0 | D        | Reached XP level 1. HP: 3/3 MP: 3/3
     4 | D        | Reached skill level 3 in Dodging
    10 | D        | Reached skill level 4 in Dodging
    10 | D        | Reached XP level 2. HP: 3/3 MP: 3/3
    26 | D        | Noticed a scorpion
    26 | D        | Noticed an ogre
    31 | D        | Killed a scorpion
    31 | D        | Reached skill level 7 in Dodging
    31 | D        | Reached XP level 3. HP: 2/4 MP: 3/3
    31 | D        | Reached XP level 4. HP: 2/4 MP: 3/3
    37 | D        | Reached skill level 8 in Dodging
    37 | D        | Reached XP level 5. HP: 2/4 MP: 3/3
    42 | D        | Killed an ogre
    42 | D        | Reached skill level 9 in Dodging
    57 | D        | Found a roughly hewn altar of Beogh.
    57 | D        | Found a snail-covered altar of Cheibriados.
    57 | D        | Found a shadowy altar of Dithmenos.
    57 | D        | Found a white marble altar of Elyvilon.
    57 | D        | Found a blossoming altar of Fedhas.
    57 | D        | Found an opulent altar of Gozag.
    58 | D        | Found a hazy altar of Hepliaklqana.
    59 | D        | Found a viscous altar of Jiyva.
    60 | D        | Found an ancient bone altar of Kikubaaqudgha.
    61 | D        | Found a corrupted altar of Lugonu.
    62 | D        | Found a burning altar of Makhleb.
    63 | D        | Found a sparkling altar of Nemelex Xobeh.
    64 | D        | Found an iron altar of Okawaru.
    65 | D        | Found a stormy altar of Qazlal.
    66 | D        | Found a sacrificial altar of Ru.
    67 | D        | Found a shimmering blue altar of Sif Muna.
    68 | D        | Found a bloodstained altar of Trog.
    69 | D        | Found a hide-covered altar of Uskayaw.
    70 | D        | Found a radiant altar of Vehumet.
    71 | D        | Found an ornate altar of the Wu Jian Council.
    72 | D        | Found a shimmering altar of Xom.
    73 | D        | Found a basalt altar of Yredelemnul.
    74 | D        | Found a glowing silver altar of Zin.
    75 | D        | Found a glowing golden altar of the Shining One.
    78 | D        | Became a worshipper of Vehumet
   104 | D        | Noticed a water moccasin
   104 | D        | Noticed a porcupine
   109 | D        | Reached skill level 10 in Dodging
   109 | D        | Reached XP level 6. HP: 5/5 MP: 3/3
   113 | D        | Reached * piety under Vehumet
   113 | D        | Offered knowledge of Shock by Vehumet.
   119 | D        | Reached skill level 11 in Dodging
   126 | D        | Reached ** piety under Vehumet
   126 | D        | Offered knowledge of Sandblast by Vehumet.
   126 | D        | Reached skill level 10 in Spellcasting
   126 | D        | Reached XP level 7. HP: 3/5 MP: 4/4
   139 | D        | Learned a level 4 spell: Hailstorm
   143 | D        | Learned a level 3 spell: Ozocubu's Armour
   148 | D        | Learned a level 4 spell: Summon Ice Beast
   153 | D        | Learned a level 4 spell: Throw Icicle
   159 | D        | Noticed a centaur warrior
   159 | D        | Noticed a deep elf mage
   159 | D        | Noticed a hippogriff
   181 | D        | Killed a centaur warrior
   181 | D        | Reached skill level 13 in Dodging
   181 | D        | Reached skill level 10 in Ice Magic
   181 | D        | Reached XP level 8. HP: 3/5 MP: 4/4
   190 | D        | Killed a deep elf mage
   200 | D        | Offered knowledge of Static Discharge by Vehumet.
   200 | D        | Reached skill level 14 in Dodging
   202 | D        | Reached *** piety under Vehumet
   228 | D        | Offered knowledge of Stone Arrow by Vehumet.
   373 | D        | Noticed a spiny frog
   376 | D        | Reached **** piety under Vehumet
   376 | D        | Offered knowledge of Bolt of Magma by Vehumet.
   382 | D        | Reached XP level 9. HP: 6/6 MP: 2/5
   385 | D        | Reached skill level 15 in Dodging
   388 | D        | Killed a spiny frog
   392 | D        | Reached ***** piety under Vehumet
   398 | D        | Offered knowledge of Bolt of Cold by Vehumet.
   412 | D        | Noticed a seven-headed hydra
   412 | D        | Noticed a four-headed hydra
   425 | D        | Killed a seven-headed hydra
   440 | D        | Killed a four-headed hydra
   440 | D        | Reached skill level 16 in Dodging
   457 | D        | Noticed a spiny frog
   462 | D        | Offered knowledge of Eringya's Noxious Bog by Vehumet.
   469 | D        | Killed a spiny frog
   469 | D        | Reached ****** piety under Vehumet
   469 | D        | Reached XP level 10. HP: 5/6 MP: 5/5
   521 | D        | Noticed a death yak
   521 | D        | Noticed a catoblepas
   521 | D        | Noticed a catoblepas
   521 | D        | Noticed a death yak
   521 | D        | Noticed a death yak
   546 | D        | Killed a death yak
   546 | D        | Reached skill level 17 in Dodging
   565 | D        | Killed a catoblepas
   565 | D        | Reached skill level 15 in Spellcasting
   611 | D        | Killed a catoblepas
   624 | D        | Noticed a catoblepas
   631 | D        | Killed a catoblepas
   631 | D        | Reached skill level 18 in Dodging
   632 | D        | Killed a death yak
   632 | D        | Reached skill level 15 in Ice Magic
   663 | D        | Killed a death yak
   668 | D        | Offered knowledge of Poison Arrow by Vehumet.
   743 | D        | Noticed Joseph
   768 | D        | Killed Joseph
   826 | D        | Noticed an orc knight
   827 | D        | Reached XP level 11. HP: 4/6 MP: 4/6
   835 | D        | Offered knowledge of Lee's Rapid Deconstruction by Vehumet.
   841 | D        | Killed an orc knight
   841 | D        | Reached skill level 19 in Dodging
   927 | D        | Learned a level 6 spell: Bolt of Cold
   939 | D        | Noticed an orc knight
   939 | D        | Identified the cursed ring of Gicoups {rElec rF+ MR+ Dex+5,
                  | (Curse: Fragile Stlth-)}
   939 | D        | Noticed an orc knight
   943 | D        | Killed an orc knight
   950 | D        | Killed an orc knight
  1020 | D        | Found Wolio's Book Emporium.
  1023 | D        | Reached skill level 20 in Dodging
  1040 | D        | Found Enecs's General Store.
  1046 | D        | Found Sohediyc's Weapon Emporium.
  1048 | D        | Found Soides's Armour Shoppe.
  1088 | D        | Bought a book of Dreams for 910 gold pieces
  1088 | D        | Bought a potion of heal wounds for 70 gold pieces
  1088 | D        | Bought a potion of agility for 56 gold pieces
  1088 | D        | Bought a wand of clouds (3) for 294 gold pieces
  1091 | D        | Bought a book of Minor Magic for 160 gold pieces
  1094 | D        | Learned a level 2 spell: Blink
  1252 | D        | Noticed a tengu warrior
  1252 | D        | Noticed an eight-headed hydra
  1253 | D        | Noticed a tengu warrior
  1256 | D        | Reached skill level 1 in Evocations
  1257 | D        | Killed an eight-headed hydra
  1258 | D        | Killed a tengu warrior
  1258 | D        | Reached skill level 21 in Dodging
  1258 | D        | Reached XP level 12. HP: 7/7 MP: 2/6
  1259 | D        | Noticed a fire giant
  1265 | D        | Killed a fire giant
  1265 | D        | Reached skill level 5 in Evocations
  1272 | D        | Noticed a rakshasa
  1289 | D        | Killed a rakshasa
  1322 | D        | Noticed a white very ugly thing
  1323 | D        | Noticed an ice dragon
  1339 | D        | Killed a white very ugly thing
  1385 | D        | Killed an ice dragon
  1385 | D        | Reached skill level 22 in Dodging
  1439 | D        | Noticed a sphinx moth
  1469 | D        | Noticed Erolcha
  1481 | D        | Killed Erolcha
  1526 | D        | Noticed a ghost moth
  1544 | D        | Killed a ghost moth
  1617 | D        | Noticed a nagaraja
  1621 | D        | Killed a nagaraja
  1621 | D        | Reached XP level 13. HP: 6/7 MP: 4/7
  1623 | D        | Noticed a nagaraja
  1633 | D        | Reached skill level 23 in Dodging
  1637 | D        | Killed a nagaraja
  1811 | D        | Reached skill level 24 in Dodging
  1913 | D        | Noticed Nergalle
  1922 | D        | Killed Nergalle
  1959 | D        | Noticed a golden dragon
  1976 | D        | Slain by a golden dragon

Levels and vault maps discovered:
D:        linesprint [early_d, line_temple, items_1, d_10, items_2, lair_1,
          lair_end, items_3, orc_1, orc_end, items_4, d_15, swamp_1, shoals_1,
          snake_1, spider_1, d_20, vaults_1, items_5, swamp_end, shoals_end,
          snake_end, spider_end, vaults_end, d_27, items_6, zot_1, zot_end,
          crypt_end, forest_end, elf_end, slime_end, tomb_end, abyss_end,
          pan_hell_end]

Skill      XL: |  1  2  3  4  5  6  7  8  9 10 11 12 13 |
---------------+----------------------------------------+-----
Dodging        | 4 7 8 10 11 13 14 16 18 21 22 24 | 24.4
Spellcasting   | 3 6 7 8 10 11 12 14 16 18 19 21 | 21.3
Ice Magic      | 6 8 9 10 12 13 15 17 18 20 | 20.0
Evocations     | 3 9 |  9.3
Stealth        | |  1.4
Summonings     | |  1.0

Action                   |  1- 3 |  4- 6 |  7- 9 | 10-12 | 13-15 || total
-------------------------+-------+-------+-------+-------+-------++-------
 Cast: Freeze            |    13 |    36 |    99 |   134 |     4 ||   286
       Summon Ice Beast  |       |       |     5 |    22 |    10 ||    37
       Hailstorm         |       |       |     8 |    28 |     5 ||    41
       Throw Icicle      |       |       |       |     4 |       ||     4
       Ozocubu's Armour  |       |       |       |     7 |     4 ||    11
       Bolt of Cold      |       |       |       |    37 |    36 ||    73
Evoke: Wand              |       |       |       |       |     1 ||     1
  Use: Potion            |       |       |     2 |     1 |     2 ||     5
       Scroll            |       |       |     2 |       |       ||     2
  Eat: Chunk             |       |       |       |     4 |     1 ||     5
Armor: Skin              |       |       |       |     5 |     1 ||     6
Dodge: Dodged            |    14 |    23 |    99 |   204 |    18 ||   358
